 Dungeon Crawl Stone Soup version 0.20-a0-1023-gc4d110f (webtiles) character file.

14 M4edhros the Insei (level 2, 0/14 HPs)
             Began as a Vine Stalker Transmuter on Apr 19, 2017.
             Slain by a quokka (2 damage)
             ... on level 3 of the Dungeon.
             The game lasted 00:03:02 (548 turns).

M4edhros the Insei (Vine Stalker Transmuter)         Turns: 548, Time: 00:03:02

Health: 0/14       AC:  2    Str: 11 (12) XL:     2   Next: 41%
Magic:  0/6        EV: 12    Int: 12 (13) God:
Gold:   55         SH:  0    Dex: 11 (14) Spells: 2/5 levels left

rFire    . . .     SeeInvis .     - Unarmed
rCold    . . .     Gourm    .   (no shield)
rNeg     . . .     Faith    .   b - +0 robe
rPois    .         Spirit   +   (no helmet)
rElec    .         Reflect  .   (no cloak)
rCorr    .         Harm     .   (no gloves)
MR       .....                  (no boots)
Stlth    +.........             (no amulet)
Regen    0.1/turn               e - ring of wizardry
MPRegen  0.1/turn               (no ring)

@: appendage
A: fangs 2, horns 2, magic shield, antimagic bite, no potion heal 3, rot
immunity
a: End Transformation


You were on level 3 of the Dungeon.
You were not hungry.
You had grown temporary horns.
You visited 1 branch of the dungeon, and saw 3 of its levels.

You collected 55 gold pieces.

Inventory:

Missiles
 a - 12 arrows
Armour
 b - a +0 robe (worn)
Jewellery
 e - a ring of wizardry (left hand)
Scrolls
 g - a scroll of fear {unknown}
 i - 2 scrolls of identify {unknown}
 l - 3 scrolls of enchant armour {unknown}
Potions
 h - 2 potions of lignification {unknown}
 k - a potion of haste
Books
 c - a book of Changes

   Spells                             Type                      Level
   a - Beastly Appendage              Transmutation                1
   b - Sticks to Snakes               Transmutation                2
   c - Spider Form                    Transmutation/Poison         3
   d - Ice Form                       Ice/Transmutation            4
   e - Blade Hands                    Transmutation                5
Comestibles
 d - a bread ration
 f - 2 royal jellies
 m - 3 chunks of flesh


   Skills:
 - Level 0.8 Fighting
 - Level 1.5 Dodging
 + Level 3.3 Unarmed Combat
 - Level 2.1 Spellcasting
 + Level 2.5 Transmutations


You had 2 spell levels left.
You knew the following spells:

 Your Spells              Type           Power        Failure   Level  Hunger
a - Beastly Appendage     Tmut           #.....       4%          1    ##.....
b - Sticks to Snakes      Tmut           #.......     6%          2    ###....


Dungeon Overview and Level Annotations

Branches:
Dungeon (3/15)

Altars:
Kikubaaqudgha


Innate Abilities, Weirdness & Mutations

You have extremely sharp teeth.
When hurt, damage is shared between your health and your magic reserves.
Your bite disrupts and absorbs the magic of your enemies.
Potions cannot restore your health.
You are immune to rotting.
You have a pair of horns on your head.


Message History

You open the door.
Found 6 gold pieces.
There is an open door here.
A quokka comes into view.
You now have 55 gold pieces (gained 6).
There are no items here.
The quokka bites you.
* * * LOW HITPOINT WARNING * * *
Casting: Beastly Appendage
Confirm with . or Enter, or press ? or * to list all spells.
You grow a pair of large bovine horns.
The quokka bites you.
* * * LOW HITPOINT WARNING * * *
Casting: Beastly Appendage
Confirm with . or Enter, or press ? or * to list all spells.
You fail to extend your transformation any further.
The quokka barely misses you. The quokka closely misses you.
You hit the quokka.
The quokka is heavily wounded.
The quokka bites you.
You die...

..#.........##
#####.#.###.#
#.......# ###'#####
##...## ## ##
##.....###.# ##.#
##.......###.###.#
#.........###r#..##
+.........'...@...#
#.........####...##
##.......## ##..#
##.....## ##...
##...## ###.# ##+##
.# #


You could see a quokka.

Vanquished Creatures
  A ball python (D:2)
  2 goblins
  4 hobgoblins
  3 kobolds
  A rat (D:3)
11 creatures vanquished.

Notes
Turn   | Place    | Note
-------+----------+-------------------------------------------
     0 | D:1      | M4edhros the Vine Stalker Transmuter began the quest for the Orb.
     0 | D:1      | Reached XP level 1. HP: 9/9 MP: 4/4
   319 | D:2      | Found an ancient bone altar of Kikubaaqudgha.
   359 | D:2      | Reached XP level 2. HP: 5/14 MP: 6/6
   364 | D:2      | Learned a level 2 spell: Sticks to Snakes
   548 | D:3      | Slain by a quokka

Vault maps used:
D:1:      scummos_arrival_simple_crosswalls, dk_noncrumbling_4,
          minmay_misc_feat_cross, grunt_decor_mini_mirrors
D:2:      kiku_gazebo_pond_becter, first_bread, guppyfry_early_orc_mine
D:3:      chequers_ecumenical_altar_simple_redux, kennysheep_generic_room_13

Action                   || total
-------------------------++-------
Melee: Unarmed           ||    42
       Bite              ||     7
       Headbutt          ||     3
       Kick              ||     3
 Cast: Beastly Appendage ||    10
  Use: Potion            ||     4
Armor: Robe              ||     4
Dodge: Dodged            ||    27
